 Dungeon Crawl Stone Soup version 0.20.0-6-gd3061e9 (webtiles) character file.

9975 grindst0ne the Protected (level 11, -11/130 HPs)
             Began as a Formicid Fighter on May 28, 2017.
             Was a Believer of Okawaru.
             Mangled by Gastronok (16 damage)
             ... on level 10 of the Dungeon.
             The game lasted 00:43:29 (13938 turns).

grindst0ne the Protected (Formicid Fighter)        Turns: 13938, Time: 00:43:30

Health: -11/130    AC: 25    Str: 21    XL:     11   Next: 84%
Magic:  23/23      EV:  2    Int:  8    God:    Okawaru [**....]
Gold:   516        SH: 12    Dex: 16    Spells: 10/10 levels left

rFire    + . .     SeeInvis .   d - +2 spear (venom)
rCold    x . .     Gourm    .   c - +0 shield
rNeg     + + +     Faith    .   (armour currently unavailable)
rPois    +         Spirit   .   (helmet unavailable)
rElec    .         Reflect  .   (cloak currently unavailable)
rCorr    .         Harm     .   (gloves currently unavailable)
MR       +....                  (boots currently unavailable)
Stlth    ++........             (no amulet)
Regen    0.4/turn               k - ring of magical power
MPRegen  0.2/turn               v - ring of fire

@: agile, tree-form
A: permanent stasis, dig shafts and tunnels, four strong arms, clumsy 1, low mp
1
a: Heroism, Renounce Religion


You were on level 10 of the Dungeon.
You worshipped Okawaru.
Okawaru was pleased with you.
You were not hungry.
You were a tree.
You visited 2 branches of the dungeon, and saw 11 of its levels.

You collected 516 gold pieces.

Inventory:

Hand Weapons
 d - a +2 spear of venom (weapon)
 f - a +3 scimitar of flaming
Armour
 c - a +0 shield (worn)
 j - a +0 cloak (melded)
 t - a +0 plate armour
 y - +0 ice dragon scales (melded)
Jewellery
 k - a ring of magical power (left branch)
 v - a ring of fire (right branch)
Wands
 a - a wand of lightning (0/15)
 g - a wand of clouds (0/9)
 r - a wand of iceblast (0/15)
Scrolls
 l - 6 scrolls of remove curse
Potions
 e - a potion of berserk rage
 i - a potion of brilliance
 o - a potion of agility
 q - 3 potions of flight
 u - a potion of haste
 x - a potion of magic
Comestibles
 b - a bread ration
 h - a meat ration
 m - a fruit
 s - 10 royal jellies


   Skills:
 - Level 8.5 Fighting
   Level 2.0 Axes
 + Level 10.2 Armour
 - Level 8.1 Dodging
 - Level 10.0 Shields
 - Level 3.4 Invocations
 - Level 7.0 Evocations


You had 10 spell levels left.
You didn't know any spells.

Dungeon Overview and Level Annotations

Branches:
Dungeon (10/15)            Temple (1/1) D:5             Orc (0/2) D:9
   Lair: D:8-11

Altars:
Ashenzari
Cheibriados
Dithmenos
Elyvilon
Fedhas
Gozag
Hepliaklqana
Kikubaaqudgha
Makhleb
Nemelex Xobeh
Okawaru
Qazlal
Ru
Sif Muna
Trog
Uskayaw
Vehumet
Xom
Yredelemnul
Zin
The Shining One

Annotations:
D:10 Gastronok


Innate Abilities, Weirdness & Mutations

You cannot be hasted, slowed, berserked, paralysed or teleported.
You can dig through walls and to a lower floor.
Your four strong arms can wield two-handed weapons with a shield.
((You have a pair of large antennae on your head. (SInv)))
((You have sharp fingernails.))
You are clumsy. (Dex -2)
((Your flesh is heat resistant. (rF+)))
Your magical capacity is low. (-10% MP)


Message History

You hit the centaur but do no damage.
The centaur is heavily wounded.
The centaur hits you but does no damage.
You block the centaur's attack.
You hit the centaur.
The centaur is severely wounded.
You kill the centaur!
Okawaru accepts your kill. Gastronok casts a spell at you.
Your stasis prevents you from being slowed.
You hit Gastronok but do no damage.
Gastronok looks as sick as possible!
Gastronok is moderately wounded.
Gastronok waves his eye-stalks in wide circles.
The air twists around and strikes you!
* * * LOW HITPOINT WARNING * * *
You feel agile all of a sudden.
You hit Gastronok but do no damage.
Gastronok is moderately wounded.
Gastronok bites you!
You die...

# ### ### ###.# ##w##
.. .w....#♣#.#
###.#####
.......%<####........
......##.).##....O...
...... ###..#........
..!.. ##.#........
..... #..........
.... ###........ ....
#........ #........


You could see Gastronok.

Vanquished Creatures
  Erica (D:8)
  3 two-headed ogres
  Pikel (D:4)
  The ghost of MTVSty1e the Skirmisher, a novice DrTm (D:6)
  Maurice (D:9)
  An efreet (D:9)
  A troll (D:9)
  A queen bee (D:9)
  Grinder (D:6)
  Prince Ribbit (D:6)
  2 hippogriffs
  Sigmund (D:5)
  2 hungry ghosts
  Eustachio (D:6)
  Menkaure (D:6)
  Edmund (D:6)
  A sky beast (D:8)
  2 orc warriors (D:7)
  3 ice beasts
  A slave (D:4)
  3 ogres
  4 centaurs
  Blork the orc (D:5)
  4 bullfrogs
  5 scorpions
  A wyvern skeleton (D:6)
  20 killer bees
  A howler monkey (D:6)
  8 crimson imps
  2 quasits (D:5)
  2 hounds
  2 bullfrog skeletons
  4 orc priests
  4 orc wizards
  A gnoll shaman (D:6)
  3 iguanas
  Jessica (D:3)
  8 worker ants
  A hound zombie (D:6)
  10 gnolls
  13 adders
  2 shadow imps
  An ooze (D:5)
  An adder zombie (D:6)
  An adder skeleton (D:8)
  3 dart slugs
  5 leopard geckos
  14 orcs
  4 ball pythons
  4 bats
  A giant cockroach (D:4)
  5 goblins
  6 hobgoblins
  4 jackals (D:2)
  4 quokkas
  3 frilled lizards
  A jackal skeleton (D:5)
  12 kobolds
  3 leopard gecko skeletons
  A quokka skeleton (D:7)
  A quokka zombie (D:6)
  5 rats
  A spectral orc (D:4)
207 creatures vanquished.

Vanquished Creatures (others)
  An ooze (D:5)
  A worm (D:4)
2 creatures vanquished.

Grand Total: 209 creatures vanquished

Notes
Turn   | Place    | Note
-------+----------+-------------------------------------------
     0 | D:1      | grindst0ne the Formicid Fighter began the quest for the Orb.
     0 | D:1      | Reached XP level 1. HP: 18/18 MP: 1/1
   106 | D:1      | Reached XP level 2. HP: 17/25 MP: 2/2
   541 | D:1      | Reached XP level 3. HP: 29/31 MP: 3/3
   931 | D:2      | Found a faded altar of an unknown god.
  1143 | D:2      | Reached skill level 5 in Fighting
  1281 | D:2      | Reached XP level 4. HP: 38/39 MP: 4/4
  1352 | D:2      | Found a shattered altar of Ashenzari.
  1889 | D:3      | Reached skill level 5 in Shields
  1889 | D:3      | Reached XP level 5. HP: 12/44 MP: 5/5
  2214 | D:3      | Noticed Jessica
  2229 | D:3      | Killed Jessica
  2229 | D:3      | Reached XP level 6. HP: 51/51 MP: 6/6
  3349 | D:4      | Noticed a slave
  3363 | D:4      | Killed a slave
  3392 | D:4      | Noticed a slave
  3407 | D:4      | Noticed Pikel
  3407 | D:4      | Noticed a slave
  3429 | D:4      | Killed Pikel
  3429 | D:4      | Reached skill level 10 in Shields
  3429 | D:4      | Reached XP level 7. HP: 21/56 MP: 7/7
  3429 | D:4      | Reached XP level 8. HP: 23/62 MP: 8/8
  3838 | D:4      | Found an opulent altar of Gozag.
  3912 | D:4      | Found a basalt altar of Yredelemnul.
  4128 | D:5      | Entered Level 5 of the Dungeon
  4604 | D:5      | Noticed Blork the orc
  4623 | D:5      | Killed Blork the orc
  4623 | D:5      | Reached skill level 5 in Armour
  4782 | D:5      | Found a staircase to the Ecumenical Temple.
  4818 | Temple   | Entered the Ecumenical Temple
  5008 | D:5      | Noticed Sigmund
  5087 | D:5      | Killed Sigmund
  5330 | D:5      | Reached XP level 9. HP: 66/68 MP: 9/9
  5507 | D:5      | Found a hazy altar of Hepliaklqana.
  5507 | D:5      | Found a white marble altar of Elyvilon.
  5512 | D:5      | Found a radiant altar of Vehumet.
  5514 | D:5      | Found a faded altar of an unknown god.
  5515 | D:5      | Found a bloodstained altar of Trog.
  5617 | D:5      | Reached skill level 1 in Evocations
  5628 | D:5      | Found a deep blue altar of Sif Muna.
  5716 | D:6      | Noticed Eustachio
  5740 | D:6      | Killed Eustachio
  5750 | D:6      | Noticed Prince Ribbit
  5764 | D:6      | Killed Prince Ribbit
  5770 | D:6      | Reached skill level 5 in Evocations
  5930 | D:6      | Noticed Menkaure
  5947 | D:6      | Killed Menkaure
  5968 | D:6      | Noticed Grinder
  5988 | D:6      | Killed Grinder
  6275 | D:6      | Noticed Edmund
  6296 | D:6      | Killed Edmund
  6833 | D:6      | Noticed MTVSty1e's ghost (novice DrTm)
  8542 | D:6      | Killed MTVSty1e's ghost
  8542 | D:6      | Reached skill level 10 in Armour
  8542 | D:6      | Reached XP level 10. HP: 69/74 MP: 13/13
  9789 | D:7      | Reached skill level 5 in Dodging
 10679 | D:8      | Found a glowing golden altar of the Shining One.
 10707 | D:8      | Found a glowing golden altar of the Shining One.
 10707 | D:8      | Noticed Erica
 10757 | D:8      | Killed Erica
 11125 | D:8      | Found an opulent altar of Gozag.
 11225 | D:8      | Reached XP level 11. HP: 41/79 MP: 14/14
 11694 | D:8      | Found an iron altar of Okawaru.
 11699 | D:8      | Became a worshipper of Warmaster Okawaru
 11740 | D:8      | Found a shimmering altar of Xom.
 11769 | D:8      | Paralysed by fainting for 10 turns
 12679 | D:9      | Reached * piety under Okawaru
 12871 | D:9      | Gained mutation: Your magical capacity is low. (-10% MP) [potion of mutation]
 12871 | D:9      | Gained mutation: Your flesh is heat resistant. (rF+) [potion of mutation]
 12871 | D:9      | Gained mutation: You are clumsy. (Dex -2) [potion of mutation]
 12871 | D:9      | Gained mutation: You have sharp fingernails. [potion of mutation]
 13090 | D:9      | Noticed Maurice
 13122 | D:9      | Killed Maurice
 13269 | D:9      | Noticed a two-headed ogre
 13278 | D:9      | Killed a two-headed ogre
 13278 | D:9      | Reached ** piety under Okawaru
 13338 | D:9      | Found a staircase to the Orcish Mines.
 13413 | D:9      | Noticed a two-headed ogre
 13434 | D:9      | Killed a two-headed ogre
 13618 | D:10     | Entered Level 10 of the Dungeon
 13622 | D:10     | Noticed a two-headed ogre
 13645 | D:10     | Killed a two-headed ogre
 13758 | D:10     | Noticed Gastronok
 13927 | D:10     | HP: 4/87 [centaur (1)]
 13936 | D:10     | HP: 4/130 [Gastronok/the air (17)]
 13938 | D:10     | Mangled by Gastronok

Skill      XL: |  1  2  3  4  5  6  7  8  9 10 11 |
---------------+----------------------------------+-----
Fighting       | 4 5 8 |  8.5
Shields        | 5 6 10 | 10.0
Armour         | 7 10 | 10.2
Evocations     | 5 7 |  7.0
Dodging        | 2 7 8 |  8.1
Invocations    | 3 |  3.4
Axes           | |  2.0

Action                   |  1- 3 |  4- 6 |  7- 9 | 10-12 || total
-------------------------+-------+-------+-------+-------++-------
Melee: War axe           |    79 |   172 |    49 |       ||   300
       Spear             |       |       |   442 |   420 ||   862
       Dire flail        |       |       |       |   300 ||   300
 Abil: Dig               |       |     6 |    16 |    25 ||    47
Evoke: Wand              |       |       |     2 |     7 ||     9
  Use: Scroll            |       |     6 |     8 |     2 ||    16
       Potion            |       |       |     3 |    14 ||    17
 Stab: Invisible         |       |       |       |     4 ||     4
  Eat: Chunk             |     1 |     8 |    11 |    13 ||    33
       Fruit             |       |       |     2 |     1 ||     3
       Bread ration      |       |       |     1 |     5 ||     6
       Royal jelly       |       |       |     1 |       ||     1
       Meat ration       |       |       |       |     1 ||     1
Armor: Scale mail        |    38 |     7 |       |       ||    45
       Chain mail        |       |    64 |   191 |    34 ||   289
       Plate armour      |       |       |       |   262 ||   262
       Ice dragon scales |       |       |       |     6 ||     6
       Skin              |       |       |       |     3 ||     3
Dodge: Dodged            |    19 |    38 |   122 |   311 ||   490
Block: Shield            |    42 |    99 |   280 |   466 ||   887
